 Dungeon Crawl Stone Soup version 0.17-a0-1650-gce8475a (console) character file.

753 utis the Basher (level 7, -3/76 HPs)
             Began as an Ogre Gladiator on Aug 13, 2015.
             Was a Believer of Zin.
             Slain by a worker ant (5 damage)
             ... on level 4 of the Dungeon.
             The game lasted 00:14:01 (7164 turns).

utis the Basher (Ogre Gladiator)                    Turns: 7164, Time: 00:14:01

Health: -3/76      AC:  3    Str: 21    XL:     7   Next: 78%
Magic:  7/7        EV: 11    Int:  7    God:    Zin [**....]
Gold:   229        SH:  0    Dex: 12    Spells: 0 memorised, 6 levels left

rFire  . . .     SeeInvis .     a - +0 flail
rCold  . . .     Clarity  .     b - +0 robe
rNeg   . . .     SustAt   .     (no shield)
rPois  .         Gourm    .     x - +0 hat
rElec  .         Spirit   .     (no cloak)
rCorr  .         Warding  .     (gloves unavailable)
rMut   .         Stasis   .     (boots unavailable)
MR     .....                    (no amulet)
Stlth  +.........               (no ring)
                                C - +1 ring of evasion

@: lethally poisoned (-3 -> -11), not resistant to hostile enchantments, very
unstealthy
A: unfitting armour, tough skin 1
a: Recite, Vitalisation, Renounce Religion


You were on level 4 of the Dungeon.
You worshipped Zin.
Zin was pleased with you.
You were not hungry.

You visited 2 branches of the dungeon, and saw 6 of its levels.
You also visited: Sewer.

You collected 254 gold pieces.
You donated 25 gold pieces to Zin.

Inventory:

Hand weapons
 a - a +0 flail (weapon)
 c - a +0 blowgun
Missiles
 d - 3 throwing nets {=f}
 l - 124 stones (quivered)
 u - 6 needles of frenzy
 v - 21 poisoned needles
 y - 6 tomahawks
Armour
 b - a +0 robe (worn)
 x - a +0 hat (worn)
Jewellery
 h - an uncursed ring of see invisible {unknown}
 C - a +1 ring of evasion (left hand)
Scrolls
 j - a scroll of fog {unknown}
 m - a scroll of remove curse {unknown}
 q - a scroll of teleportation {unknown}
 s - a scroll of noise
 t - a scroll of blinking {unknown}
 A - a scroll of random uselessness {unknown}
Potions
 g - 3 potions of flight {unknown}
 i - a potion of ambrosia {unknown}
 n - 2 potions of brilliance
 o - a potion of resistance {unknown}
 p - a potion of might {unknown}
 r - 3 potions of curing {unknown}
Comestibles
 e - 2 bread rations
 f - 2 slices of pizza
 k - 2 fruits
 B - a beef jerky


   Skills:
 + Level 6.4 Fighting
 * Level 10.0 Maces & Flails
 - Level 2.1 Throwing
 - Level 2.6 Dodging


You had 6 spell levels left.
You didn't know any spells.

Dungeon Overview and Level Annotations

Branches:
Dungeon (5/15)             Temple (1/1) D:5

Altars:
Ashenzari
Cheibriados
Dithmenos
Elyvilon
Fedhas
Gozag
Kikubaaqudgha
Makhleb
Qazlal
Ru
Sif Muna
Trog
Xom
Yredelemnul
Zin
The Shining One


Innate Abilities, Weirdness & Mutations

You are too large for most types of armour.
You have tough skin (AC +1).


Message History

You feel sick.
You feel sick.
You feel sick. The worker ant bites you.
* * * LOW HITPOINT WARNING * * *
You are more poisoned.
The worker ant poisons you!
* * * LOW HITPOINT WARNING * * *
You feel sick.
You feel sick.
You feel sick.
You hit the worker ant.
The worker ant is moderately wounded.
* * * LOW HITPOINT WARNING * * *
You feel sick. The worker ant bites you!
* * * LOW HITPOINT WARNING * * *
You hit the worker ant.
The worker ant is heavily wounded.
* * * LOW HITPOINT WARNING * * *
You feel sick. The worker ant bites you.
You die...

.▓§▓......▓ ▓▓▓..>▓▓...▓▓
▓.. §§▓.......▓
▓...▓▓▓...▓▓▓▓..
§▓........▓▓
▓▓..▓▓..........
...........▓ ▓..▓....▓......
...........▓ ▓......▓▓▓▓....
...........▓▓ ▓.....▓▓ ▓▓▓..
............▓▓▓▓ ▓▓.....▓
▓▓.
..............o▓▓▓.....▓▓
▓▓. .............YoaO......▓
▓▓.➘
...........▓▓▓▓.......▓▓
▓▓▓... ...........▓
▓▓▓▓....▓▓ ▓▓▓.....
...........▓
▓▓▓...▓▓▓....▓▓▓
...........▓▓ ▓▓........▓▓▓
▓ ............▓▓
▓▓........▓▓ .............▓▓
▓▓...▓....▓▓
..............▓▓▓.....▓....▓
...▓▓▓.............▓..▓.▓..▓


You could see an ice beast, a worker ant and 2 orcs.

Vanquished Creatures
  A sky beast (D:5)
  An eye of draining (D:3)
  The ghost of cireshan the Conjurer, an average DECj (Sewer)
  A big kobold (Sewer)
  A hound (D:4)
  An orc priest (D:3)
  3 orc wizards (D:4)
  An iguana (D:4)
  2 worker ants
  9 adders
  2 oozes
  4 worms
  2 giant geckos
  15 orcs
  12 bats
  13 goblins
  12 hobgoblins
  6 jackals
  2 ball pythons
  9 giant cockroaches
  2 giant newts
  9 kobolds
  13 rats
122 creatures vanquished.

Vanquished Creatures (collateral kills)
  A jackal (Sewer)
  2 kobolds (Sewer)
3 creatures vanquished.

Grand Total: 125 creatures vanquished

Notes
Turn   | Place    | Note
--------------------------------------------------------------
     0 | D:1      | utis the Ogre Gladiator began the quest for the Orb.
     0 | D:1      | Reached XP level 1. HP: 22/22 MP: 1/1
   334 | D:1      | Reached XP level 2. HP: 31/31 MP: 2/2
  1090 | D:1      | Reached XP level 3. HP: 37/37 MP: 3/3
  1091 | D:1      | Reached skill level 5 in Maces & Flails
  1278 | D:2      | Found an ancient bone altar of Kikubaaqudgha.
  1279 | D:2      | Found a shadowy altar of Dithmenos.
  1279 | D:2      | Found a burning altar of Makhleb.
  1280 | D:2      | Found an opulent altar of Gozag.
  1288 | D:2      | Found a shimmering altar of Xom.
  1288 | D:2      | Found a snail-covered altar of Cheibriados.
  1289 | D:2      | Found a white marble altar of Elyvilon.
  2147 | D:2      | Reached XP level 4. HP: 43/48 MP: 4/4
  2673 | D:2      | Reached skill level 6 in Maces & Flails
  3354 | D:3      | Reached XP level 5. HP: 38/54 MP: 5/5
  3791 | D:3      | Noticed an eye of draining
  3825 | D:3      | Killed an eye of draining
  3825 | D:3      | Reached skill level 7 in Maces & Flails
  3825 | D:3      | Reached XP level 6. HP: 63/65 MP: 0/6
  3897 | D:3      | Found a bloodstained altar of Trog.
  4284 | D:4      | Reached skill level 5 in Fighting
  4332 | D:4      | Found a sacrificial altar of Ru.
  4339 | D:4      | Reached skill level 8 in Maces & Flails
  4418 | D:2      | Became a worshipper of Elyvilon the Healer
  4693 | D:4      | Found a shadowy altar of Dithmenos.
  5094 | D:4      | Acquired Elyvilon's first power
  5125 | D:4      | Reached XP level 7. HP: 56/72 MP: 7/7
  6098 | D:5      | Entered Level 5 of the Dungeon
  6206 | D:5      | Found a staircase to the Ecumenical Temple.
  6214 | Temple   | Entered the Ecumenical Temple
  6262 | Temple   | Fell from the grace of Elyvilon
  6262 | Temple   | Became a worshipper of Zin the Law-Giver
  6262 | Temple   | Acquired Zin's first power
  6262 | Temple   | Acquired Zin's second power
  6307 | D:5      | Reached skill level 9 in Maces & Flails
  6336 | D:5      | Found a glowing drain.
  6463 | Sewer    | Entered a sewer
  6499 | Sewer    | Noticed cireshan's ghost (average DECj)
  6520 | Sewer    | Killed cireshan's ghost
  6913 | Sewer    | Found a glowing silver altar of Zin.
  7013 | D:5      | Reached skill level 10 in Maces & Flails
  7163 | D:4      | HP: 2/76 [worker ant (8)]
  7164 | D:4      | Slain by a worker ant

Vault maps used:
D:1:      minmay_arrival_statue_studded
D:2:      grunt_temple_overflow_open
D:3:      trog_eyes_of_draining
D:4:      overflow_temple_1_default, corexii_hall_statues_x,
          grunt_dithmenos_smoke_and_mirrors
D:5:      minmay_temple_entry_enclosed_plants, gup_sewer_entry_glass,
          first_bread, hex_medium, uniq_blork_the_orc
Temple:   cyrus_temple_forest_13
Sewer:    sewer_kobolds

Action                   |  1- 3 |  4- 6 |  7- 9 || total
-------------------------+-------+-------+-------++-------
Melee: Flail             |    91 |   148 |    67 ||   306
 Fire: Blowgun           |       |       |    11 ||    11
Throw: Stone             |    34 |   123 |    17 ||   174
  Use: Scroll            |     1 |     2 |     2 ||     5
  Eat: Chunk             |     4 |     9 |     5 ||    18
       Fruit             |       |       |     2 ||     2
